Map: Dragon Scales LE

Players

winzboy

  • Race: Protoss Protoss
  • League: Gold
  • Spawn Location: 5:00

晚钟意 - Winner!

  • Race: Terran Terran
  • Spawn Location: 11:00

VOD

Have the link to the VOD?

Description

Time

  • Played on: May 29, 2023, 4:47 a.m.
  • Length: 16:08
Show
View Real Time Build Order
Export as new Build Order

winzboy Protoss 

Build Orders:  

Get SALT Encoding   

  12  0:01  Probe  
  13  0:15  Pylon  
  13  0:18  Probe  
  14  0:35  Gateway  
  14  0:38  Assimilator  
  14  0:53  Probe (Chrono Boost)  
  15  1:01  Probe  
  16  1:14  Probe (Chrono Boost)  
  17  1:23  Cybernetics Core  
  17  1:25  Probe (Chrono Boost)  
  18  1:29  Probe (Chrono Boost)  
  19  1:56  Assimilator  
  19  2:00  Gateway  
  19  2:03  Pylon  
  19  2:09  Probe (Chrono Boost)  
  19  2:11  Adept  
  19  2:13  Warp Gate (Chrono Boost)  
  22  2:19  Probe (Chrono Boost)  
  23  2:23  Probe (Chrono Boost)  
  24  2:35  Probe  
  25  2:41  Adept  
  27  2:47  Probe  
  27  2:49  Gateway  
  28  2:59  Probe  
  28  3:01  Adept  
  31  3:19  Pylon  
  31  3:22  Pylon  
  31  3:35  Gateway  
  31  3:37  Probe  
  32  3:41  Stalker  
  32  3:42  Pylon  
  34  3:59  Stalker  
  34  4:00  Stalker  
  37  4:13  Shield Battery  
  37  4:19  Shield Battery  
  37  4:22  Pylon  
  37  4:27  Stalker  
  39  4:36  Stalker  
  41  4:53  Forge  
  41  4:55  Shield Battery  
  41  4:59  Robotics Facility  
  41  5:08  Stalker  
  43  5:16  Stalker  
  43  5:18  Sentry  
  47  5:22  Protoss Ground Weapons Level 1 (Chrono Boost)  
  47  5:32  Sentry  
  49  5:41  Stalker  
  51  5:47  Observer  
  52  5:57  Stalker x2  
  56  6:28  Immortal  
  59  6:44  Nexus  
  58  7:07  Protoss Ground Armor Level 1  
  58  7:11  Pylon  
  58  7:19  Twilight Council  
  58  7:32  Pylon  
  58  7:37  Pylon  
  58  7:39  Gateway  
  58  7:40  Gateway  
  58  8:03  Probe (Chrono Boost)  
  59  8:12  Assimilator  
  60  8:13  Probe (Chrono Boost)  
  60  8:16  Probe (Chrono Boost), Assimilator  
  60  8:18  Probe (Chrono Boost)  
  61  8:20  Charge (Chrono Boost)  
  61  8:21  Zealot  
  64  8:30  Probe  
  65  8:38  Stalker  
  67  8:42  Probe  
  68  8:54  Probe  
  69  9:03  Templar Archives  
  69  9:06  Probe, Pylon  
  70  9:18  Probe  
  70  9:19  Protoss Shields Level 1  
  70  9:24  Zealot  
  73  9:30  Probe (Chrono Boost)  
  74  9:42  Probe (Chrono Boost)  
  74  9:44  Zealot  
  74  9:45  Zealot  
  79  9:47  Probe (Chrono Boost)  
  79  9:51  High Templar x2  
  79  9:52  High Templar  
  85  9:56  Probe  
  85  9:59  Archon  
  86  10:02  Observer  
  87  10:07  High Templar  
  87  10:09  Probe, High Templar  
  87  10:13  Archon  
  92  10:21  Probe  
  93  10:25  High Templar  
  93  10:26  Zealot  
  93  10:27  Zealot  
  99  10:33  Probe (Chrono Boost)  
  100  10:40  Zealot  
  103  10:44  Probe (Chrono Boost)  
  103  10:49  Probe (Chrono Boost), Pylon  
  103  10:52  Pylon  
  104  10:57  Shield Battery  
  104  10:59  Probe, Shield Battery  
  105  11:09  Zealot x3  
  105  11:10  Zealot x2  
  115  11:11  Probe  
  112  11:23  Archon  
  104  11:29  Zealot  
  104  11:30  Zealot x3  
  104  11:31  Zealot  
  114  11:55  Zealot x2  
  114  11:56  Zealot x3  
  124  12:05  Pylon  
  124  12:08  Pylon  
  124  12:17  Pylon  
  124  12:18  High Templar  
  90  12:40  Zealot  
  90  12:41  Zealot x3  
  96  12:51  Zealot  
  48  13:02  Zealot x3  
  48  13:03  Zealot  
  48  13:17  Zealot  
  50  13:22  Zealot x2  
  50  13:23  Zealot x2  
  58  13:41  Zealot  
  46  13:50  Zealot  
  46  13:51  Zealot x2  
  46  13:52  Zealot  
  46  13:53  Gateway  
  54  13:57  Gateway  
  54  14:02  Zealot  
  39  14:20  Zealot  
  39  14:21  Zealot  
  43  14:29  Pylon  
  43  14:32  Gateway  
  43  14:34  Gateway  
  43  14:36  Pylon  
  43  14:57  Zealot  
  43  14:58  Zealot  
  34  15:21  Zealot x2  
  34  15:28  Pylon  
  34  15:30  Gateway  
  34  15:33  Gateway  
  34  15:43  Nexus  
  34  15:45  Zealot x2  
Show
View Real Time Build Order
Export as new Build Order

晚钟意 Terran - Winner!

Build Orders:  

Get SALT Encoding   

  12  0:00  SCV  
  13  0:13  Supply Depot  
  13  0:18  SCV  
  14  0:30  SCV  
  15  0:37  Barracks  
  15  0:42  SCV  
  16  0:45  Refinery  
  16  0:54  SCV  
  17  1:05  Supply Depot  
  17  1:06  SCV  
  18  1:18  SCV  
  19  1:19  Refinery  
  19  1:31  Orbital Command  
  19  1:50  Factory  
  19  1:51  Marine  
  20  2:08  Marine  
  20  2:09  SCV  
  22  2:21  SCV  
  23  2:33  SCV, Barracks Tech Lab  
  24  2:37  Starport  
  24  2:40  Factory Tech Lab  
  24  2:45  SCV  
  25  2:51  Marauder  
  25  2:57  Stimpack, SCV  
  28  3:02  Supply Depot  
  28  3:09  SCV  
  29  3:13  Marauder  
  31  3:22  Starport Reactor  
  31  3:23  SCV, Siege Tank  
  31  3:24  Supply Depot x2  
  35  3:34  Marine  
  36  3:48  Supply Depot  
  36  3:51  Marine  
  37  4:01  Siege Tank  
  40  4:09  Marine  
  41  4:14  Command Center  
  41  4:18  SCV  
  42  4:26  Medivac  
  42  4:27  Medivac  
  42  4:30  SCV  
  47  4:38  Supply Depot  
  47  4:39  Marine  
  47  4:40  Supply Depot  
  48  4:53  Barracks  
  48  4:54  SCV  
  48  4:56  Marine  
  50  5:07  SCV  
  51  5:13  Supply Depot  
  51  5:14  Marine  
  51  5:15  Supply Depot  
  52  5:33  Marauder  
  54  5:36  Supply Depot  
  54  5:46  Barracks Reactor  
  54  5:53  Barracks  
  54  5:54  Marauder  
  54  5:55  Barracks x2  
  56  5:58  Siege Tank  
  59  6:15  Marine  
  60  6:30  Siege Tank  
  63  6:33  Marine  
  64  6:41  Marine x3  
  64  6:43  Marine  
  68  6:50  Marine  
  69  6:59  Marine  
  54  7:08  Marine  
  58  7:15  Siege Tank  
  58  7:26  Marine  
  58  7:29  SCV x2  
  61  7:41  SCV x2  
  61  7:43  Marine, Command Center  
  64  7:44  Marine, Marauder  
  64  7:45  Barracks Reactor  
  64  7:47  Siege Tank  
  64  7:50  Barracks Reactor  
  71  7:52  Barracks Reactor  
  71  7:53  SCV  
  71  7:54  SCV  
  71  7:57  Combat Shield  
  72  8:01  Marine  
  72  8:02  Marine  
  72  8:05  Engineering Bay, Marine  
  74  8:10  Medivac  
  77  8:17  Refinery  
  77  8:18  Refinery  
  77  8:19  Marine x2  
  78  8:21  Liberator  
  78  8:23  Marine  
  83  8:31  Armory  
  83  8:35  Orbital Command  
  83  8:37  Marine  
  83  8:38  SCV  
  83  8:40  Marine, Medivac  
  83  8:41  Marine x2, Marauder  
  92  8:50  SCV  
  93  9:03  SCV, Marauder  
  97  9:10  SCV  
  97  9:15  SCV  
  98  9:22  SCV  
  98  9:23  Supply Depot x2  
  101  9:24  Marauder  
  101  9:25  Supply Depot  
  101  9:27  SCV, Supply Depot  
  101  9:29  Marine x4  
  101  9:30  Marine  
  107  9:34  SCV  
  108  9:39  SCV  
  111  9:46  Marauder, SCV  
  111  9:51  SCV  
  113  9:58  SCV  
  114  10:03  SCV  
  114  10:05  Marine  
  114  10:06  Marine x8  
  124  10:08  Siege Tank  
  124  10:10  SCV, Viking  
  130  10:20  Orbital Command, Refinery  
  130  10:23  Marine  
  130  10:24  Marine x2  
  130  10:25  Marauder  
  135  10:30  SCV x2  
  137  10:36  Refinery  
  137  10:46  Marauder  
  139  11:04  Marine  
  139  11:05  Marine x3  
  139  11:07  Siege Tank  
  139  11:09  Liberator  
  139  11:10  Liberator  
  152  11:18  Command Center, Refinery  
  148  11:24  Refinery  
  148  11:25  Marine x9  
  157  11:39  Siege Tank  
  160  11:42  Marine  
  160  11:43  Marine x4  
  165  12:03  Supply Depot  
  165  12:24  Marine  
  165  12:25  Marauder, Viking x2  
  165  12:27  Supply Depot  
  150  12:46  Marauder  
  135  12:52  Supply Depot  
  135  12:53  Marine x2  
  135  12:55  Marine x6  
  135  12:57  Siege Tank  
  143  12:58  Liberator x2  
  149  13:07  Marine  
  149  13:08  SCV x3  
  149  13:09  SCV  
  149  13:11  Marine x2  
  155  13:13  Marine x6  
  155  13:15  Supply Depot  
  160  13:20  SCV x2  
  160  13:21  SCV, Engineering Bay  
  160  13:24  Orbital Command  
  160  13:26  Marauder  
  161  13:28  Marine  
  161  13:29  Marine, Siege Tank  
  161  13:30  Marine  
  161  13:32  SCV x2  
  168  13:39  Supply Depot  
  165  13:41  Viking x2  
  169  14:01  Supply Depot  
  163  14:11  Viking x2  
  160  14:32  Marine x3  
  160  14:33  Marine x4  
  160  14:34  Marine, Marauder  
  160  14:36  Siege Tank  
  173  14:41  Viking x2  
  177  14:49  Marine  
  177  14:50  Marine x3  
  177  14:51  Marine x3  
  177  14:52  Marine  
  182  14:56  Marauder  
  181  15:07  Marine x2  
  181  15:08  Marine, Siege Tank  
  181  15:11  Medivac x2  
Tags
 
League
Gold
Matchup
PvT
Replay Pack
Multiplayer
Spawn Locations
Cross Positions
Add a new tag
Caveats
  • Supply blocks, unpowered buildings, or Contaminate may cause inaccurate times.
  • Supply counts are checked every 10 seconds.